| TOP OF THE 1ST |
|
Tri-City Dust Devils batting - Pitching for West Virginia Black Bears : LHP Ben Buerck
|
|
Pitching: LHP Ben Buerck
|
|
|
Batting: LHB Ramon Vega
|
0-0: Ball 1-0: DOUBLE (Flyball, 8RXD, EV 94.4 MPH)
|
|
Batting: SHB Yutaro Takahashi
|
0-0: Ground out 6-3 (Groundball, 6, EV 85.6 MPH) Ramon Vega to third
|
|
Batting: RHB Brian DeVoe
|
0-0: Called Strike 0-1: Fly out, F7 (Flyball, 7, EV 81.9 MPH)
|
|
Batting: SHB Manny Berrones
|
0-0: Called Strike 0-1: Ball 1-1: Foul Ball, location: 2F 1-2: Ball 2-2: Foul Ball, location: 2F 2-2: Strikes out swinging
|
| Top of the 1st over - 0 runs, 1 hit, 0 errors, 1 left on base; Tri-City 0 - West Virginia 0 |
| BOTTOM OF THE 1ST |
|
West Virginia Black Bears batting - Pitching for Tri-City Dust Devils : RHP Alberto Cuevas
|
|
Pitching: RHP Alberto Cuevas
|
|
|
Batting: RHB Terrence Wilson
|
0-0: Foul Ball, location: 2F 0-1: Foul Ball, location: 2F 0-2: Ground out 5-3 (Groundball, 56S, EV 86.2 MPH)
|
|
Batting: LHB Ruben Garza
|
0-0: Foul Ball, location: 2F 0-1: Fly out, F7 (Flyball, 7LMF, EV 97.5 MPH)
|
|
Batting: LHB Josh Aerni
|
0-0: Called Strike 0-1: Ball 1-1: Foul Ball, location: 2F 1-2: Foul Ball, location: 2F 1-2: Ball 2-2: Strikes out swinging
|
| Bottom of the 1st over - 0 runs, 0 hits, 0 errors, 0 left on base; Tri-City 0 - West Virginia 0 |
| TOP OF THE 2ND |
|
Tri-City Dust Devils batting - Pitching for West Virginia Black Bears : LHP Ben Buerck
|
|
Batting: LHB Jeremy DiGenova
|
0-0: Called Strike 0-1: Swinging Strike 0-2: Foul Ball, location: 2F 0-2: Strikes out swinging
|
|
Batting: RHB Paul Van Gilder
|
0-0: Ball 1-0: Called Strike 1-1: Fly out, F8 (Flyball, 8LS, EV 95.0 MPH)
|
|
Batting: RHB Alfredo Lemus
|
0-0: Called Strike 0-1: Swinging Strike 0-2: Ball 1-2: Ball 2-2: SINGLE (Groundball, 13S, EV 66.2 MPH) (infield hit)
|
|
Batting: LHB Roger Duque
|
0-0: Ball 1-0: Foul Ball, location: 2F 1-1: Foul Ball, location: 2F 1-2: Ball 2-2: Foul Ball, location: 2F 2-2: SINGLE (Groundball, 6MD, EV 109.4 MPH) Alfredo Lemus to second Runner from 2nd tries for 3rd, OUT! 8-5
|
| Top of the 2nd over - 0 runs, 2 hits, 0 errors, 1 left on base; Tri-City 0 - West Virginia 0 |
| BOTTOM OF THE 2ND |
|
West Virginia Black Bears batting - Pitching for Tri-City Dust Devils : RHP Alberto Cuevas
|
|
Batting: RHB Dave Fredericks
|
0-0: Called Strike 0-1: Ball 1-1: Ground out 6-3 (Groundball, 6, EV 103.8 MPH)
|
|
Batting: RHB Brandon White
|
0-0: Called Strike 0-1: Ground out 6-3 (Groundball, 6M, EV 78.1 MPH)
|
|
Batting: RHB Rick Pittman
|
0-0: Foul Ball, location: 2F 0-1: Ball 1-1: Ball 2-1: Foul Ball, location: 2F 2-2: DOUBLE (Groundball, 3L, EV 113.1 MPH)
|
|
Batting: RHB Melvin Durland
|
0-0: Foul Ball, location: 2F 0-1: Ground out 4-3 (Groundball, 4, EV 90.0 MPH)
|
| Bottom of the 2nd over - 0 runs, 1 hit, 0 errors, 1 left on base; Tri-City 0 - West Virginia 0 |
| TOP OF THE 3RD |
|
Tri-City Dust Devils batting - Pitching for West Virginia Black Bears : LHP Ben Buerck
|
|
Batting: RHB Eduardo Calderon
|
0-0: Called Strike 0-1: Ball 1-1: Swinging Strike 1-2: Ball 2-2: Ground out 3-1 (Groundball, 13, EV 81.9 MPH)
|
|
Batting: LHB Ramon Vega
|
0-0: SINGLE (Line Drive, 4MD, EV 97.5 MPH)
|
|
Batting: SHB Yutaro Takahashi
|
0-0: Called Strike 0-1: Foul Ball, location: 2F 0-2: Ball Ramon Vega is caught stealing 2nd base 2-4 1-2: Fly out, F8 (Flyball, 89D, EV 90.6 MPH)
|
| Top of the 3rd over - 0 runs, 1 hit, 0 errors, 0 left on base; Tri-City 0 - West Virginia 0 |
| BOTTOM OF THE 3RD |
|
West Virginia Black Bears batting - Pitching for Tri-City Dust Devils : RHP Alberto Cuevas
|
|
Batting: RHB Alex Arzate
|
0-0: Ball 1-0: DOUBLE (Line Drive, 7LS, EV 95.0 MPH)
|
|
Batting: RHB Chris Arroyo
|
0-0: Ball 1-0: Ball Alex Arzate steals 3rd base 2-0: Fly out, F9 (Flyball, 9, EV 86.9 MPH) Runner from 3rd tags up, SCORES, no throw by RF
|
|
Batting: RHB Terrence Wilson
|
0-0: Called Strike 0-1: Ball 1-1: Ball 2-1: Called Strike 2-2: Strikes out swinging
|
|
Batting: LHB Ruben Garza
|
0-0: Ball 1-0: Ball 2-0: Ball 3-0: Called Strike 3-1: Base on Balls
|
|
Batting: LHB Josh Aerni
|
0-0: Foul Ball, location: 2F 0-1: Foul Ball, location: 2F 0-2: Foul Ball, location: 2F 0-2: Foul Ball, location: 2F 0-2: Foul Ball, location: 2F 0-2: Foul Ball, location: 2F 0-2: Ball 1-2: Ball 2-2: Foul Ball, location: 2F 2-2: Ball 3-2: Foul Ball, location: 2F 3-2: Base on Balls Ruben Garza to second
|
|
Batting: RHB Dave Fredericks
|
0-0: Ball 1-0: Ball 2-0: Foul Ball, location: 2F 2-1: Foul Ball, location: 2F 2-2: Strikes out looking
|
| Bottom of the 3rd over - 1 run, 1 hit, 0 errors, 2 left on base; Tri-City 0 - West Virginia 1 |
| TOP OF THE 4TH |
|
Tri-City Dust Devils batting - Pitching for West Virginia Black Bears : LHP Ben Buerck
|
|
Batting: RHB Brian DeVoe
|
0-0: Ball 1-0: Ball 2-0: Fly out, F8 (Flyball, 8LXD, EV 108.1 MPH)
|
|
Batting: SHB Manny Berrones
|
0-0: Called Strike 0-1: Ball 1-1: Called Strike 1-2: Ball 2-2: TRIPLE (Flyball, 89XD, EV 98.1 MPH)
|
|
Batting: LHB Jeremy DiGenova
|
0-0: Called Strike 0-1: Foul Ball, location: 2F 0-2: DOUBLE (Line Drive, 9LM, EV 92.5 MPH) Manny Berrones scores
|
|
Batting: RHB Paul Van Gilder
|
0-0: Called Strike 0-1: Ball 1-1: Ground out 6-3 (Groundball, 6S, EV 72.5 MPH) Jeremy DiGenova to third
|
|
Batting: RHB Alfredo Lemus
|
0-0: Ball 1-0: Ground out U3 (Groundball, 34S, EV 69.4 MPH)
|
| Top of the 4th over - 1 run, 2 hits, 0 errors, 1 left on base; Tri-City 1 - West Virginia 1 |
| BOTTOM OF THE 4TH |
|
West Virginia Black Bears batting - Pitching for Tri-City Dust Devils : RHP Alberto Cuevas
|
|
Batting: RHB Brandon White
|
0-0: Fly out, F9 (Flyball, 89S, EV 86.9 MPH)
|
|
Batting: RHB Rick Pittman
|
0-0: Ball 1-0: Ball 2-0: Fly out, F8 (Flyball, 8LXD, EV 89.4 MPH)
|
|
Batting: RHB Melvin Durland
|
0-0: Called Strike 0-1: Swinging Strike 0-2: Foul Ball, location: 2F 0-2: Foul Ball, location: 2F 0-2: Foul Ball, location: 2F 0-2: Foul Ball, location: 2F 0-2: Foul Ball, location: 2F 0-2: Ball 1-2: Strikes out swinging
|
| Bottom of the 4th over - 0 runs, 0 hits, 0 errors, 0 left on base; Tri-City 1 - West Virginia 1 |
| TOP OF THE 5TH |
|
Tri-City Dust Devils batting - Pitching for West Virginia Black Bears : LHP Ben Buerck
|
|
Batting: LHB Roger Duque
|
0-0: SINGLE (Groundball, 34D, EV 103.8 MPH)
|
|
Batting: RHB Eduardo Calderon
|
0-0: Foul Ball, location: 2F 0-1: Swinging Strike 0-2: Foul Ball, location: 2F 0-2: DOUBLE (Line Drive, 78M, EV 106.9 MPH) Roger Duque to third Runner from 3rd tries for Home, SAFE, throw by LF to home
|
|
Batting: LHB Ramon Vega
|
0-0: Ball 1-0: Ball 2-0: Called Strike 2-1: Foul Ball, location: 2F Balk! Eduardo Calderon to third 2-2: Strikes out looking
|
|
Batting: SHB Yutaro Takahashi
|
0-0: Squeeze Bunt to 23 - play home, runner scores, batter safe! Eduardo Calderon scores
|
|
Batting: RHB Brian DeVoe
|
0-0: Called Strike Yutaro Takahashi steals 2nd base 0-1: Foul Ball, location: 2F 0-2: Ball 1-2: Foul Ball, location: 2F 1-2: Ground out 6-3 (Groundball, 6, EV 88.8 MPH) Yutaro Takahashi to third
|
|
Batting: SHB Manny Berrones
|
0-0: Ball 1-0: Ball 2-0: Swinging Strike 2-1: Called Strike 2-2: SINGLE (Groundball, 34D, EV 101.9 MPH) Yutaro Takahashi scores
|
|
Batting: LHB Jeremy DiGenova
|
0-0: Called Strike 0-1: Fly out, F4 (Line Drive, 34, EV 68.8 MPH)
|
| Top of the 5th over - 3 runs, 3 hits, 0 errors, 1 left on base; Tri-City 4 - West Virginia 1 |
| BOTTOM OF THE 5TH |
|
West Virginia Black Bears batting - Pitching for Tri-City Dust Devils : RHP Alberto Cuevas
|
|
Batting: RHB Alex Arzate
|
0-0: Ball 1-0: Swinging Strike 1-1: Ball 2-1: Called Strike 2-2: Foul Ball, location: 2F 2-2: Foul Ball, location: 2F 2-2: Strikes out swinging
|
|
Batting: RHB Chris Arroyo
|
0-0: Foul Ball, location: 2F 0-1: Ball 1-1: Fly out, F7 (Line Drive, 78M, EV 98.8 MPH)
|
|
Batting: RHB Terrence Wilson
|
0-0: Called Strike 0-1: Swinging Strike 0-2: Foul Ball, location: 2F 0-2: Foul Ball, location: 2F 0-2: Ball 1-2: Ground out 6-3 (Groundball, 56, EV 85.0 MPH)
|
| Bottom of the 5th over - 0 runs, 0 hits, 0 errors, 0 left on base; Tri-City 4 - West Virginia 1 |
| TOP OF THE 6TH |
|
Tri-City Dust Devils batting - Pitching for West Virginia Black Bears : LHP Ben Buerck
|
|
Batting: RHB Paul Van Gilder
|
0-0: Ball 1-0: SINGLE (Groundball, 56D, EV 98.1 MPH)
|
|
Batting: RHB Alfredo Lemus
|
0-0: Foul Ball, location: 2F 0-1: Called Strike 0-2: Ball 1-2: Ball 2-2: Foul Ball, location: 2F 2-2: 2-RUN HOME RUN (Flyball, 7D, EV 111.2 MPH), Distance : 401 ft
|
|
Pitching: LHP Juan Villegas
|
|
|
Batting: LHB Roger Duque
|
0-0: Ball 1-0: Ground out 5-3 (Groundball, 6, EV 88.1 MPH)
|
|
Batting: RHB Eduardo Calderon
|
0-0: Ground out 4-3 (Groundball, 4M, EV 86.2 MPH)
|
|
Batting: LHB Ramon Vega
|
0-0: Called Strike 0-1: Ball 1-1: Called Strike 1-2: Strikes out swinging
|
| Top of the 6th over - 2 runs, 2 hits, 0 errors, 0 left on base; Tri-City 6 - West Virginia 1 |
| BOTTOM OF THE 6TH |
|
West Virginia Black Bears batting - Pitching for Tri-City Dust Devils : RHP Alberto Cuevas
|
|
Pitching: RHP Geoff McDaniel
|
|
|
Batting: LHB Ruben Garza
|
0-0: Called Strike 0-1: Fly out, F4 (Line Drive, 4, EV 66.9 MPH)
|
|
Batting: LHB Josh Aerni
|
0-0: Foul Ball, location: 2F 0-1: Ball 1-1: Foul Ball, location: 2F 1-2: Ball 2-2: Ball 3-2: Ground out 6-3 (Groundball, 6, EV 101.2 MPH)
|
|
Batting: RHB Dave Fredericks
|
0-0: Called Strike 0-1: Ball 1-1: Ball 2-1: Ball 3-1: SINGLE (Line Drive, 4D, EV 98.1 MPH)
|
|
Batting: RHB Brandon White
|
0-0: Ball 1-0: SINGLE (Flyball, 6D, EV 90.0 MPH) Dave Fredericks to second Runner from 2nd tries for 3rd, OUT! 7-5
|
| Bottom of the 6th over - 0 runs, 2 hits, 0 errors, 1 left on base; Tri-City 6 - West Virginia 1 |
| TOP OF THE 7TH |
|
Tri-City Dust Devils batting - Pitching for West Virginia Black Bears : LHP Juan Villegas
|
|
Batting: SHB Yutaro Takahashi
|
0-0: Foul Ball, location: 2F 0-1: Ball 1-1: Called Strike 1-2: Strikes out looking
|
|
Batting: RHB Brian DeVoe
|
0-0: Ball 1-0: Ball 2-0: Ball 3-0: Called Strike 3-1: Foul Ball, location: 2F 3-2: Strikes out looking
|
|
Batting: SHB Manny Berrones
|
0-0: Ball 1-0: Called Strike 1-1: Swinging Strike 1-2: Ball 2-2: Ball 3-2: Ground out 5-3 (Groundball, 5L, EV 100.6 MPH)
|
| Top of the 7th over - 0 runs, 0 hits, 0 errors, 0 left on base; Tri-City 6 - West Virginia 1 |
| BOTTOM OF THE 7TH |
|
West Virginia Black Bears batting - Pitching for Tri-City Dust Devils : RHP Geoff McDaniel
|
|
Batting: RHB Rick Pittman
|
0-0: Called Strike 0-1: Foul Ball, location: 2F 0-2: Strikes out swinging
|
|
Batting: LHB Carlos Vega
|
0-0: Ball 1-0: Ball 2-0: Ball 3-0: Base on Balls
|
|
Batting: RHB Alex Arzate
|
0-0: Ball Carlos Vega steals 2nd base 1-0: SINGLE (Line Drive, 78M, EV 98.8 MPH) Carlos Vega to third
|
|
Pinch Hitting: LHB Tomohiro Yokoyama
|
0-0: Ball 1-0: Foul Ball, location: 2F 1-1: Ball 2-1: Ball 3-1: Swinging Strike 3-2: 3-RUN HOME RUN (Flyball, 8LXD, EV 114.4 MPH), Distance : 456 ft
|
|
Pitching: RHP Zach Monlux
|
|
|
Pinch Hitting: LHB Joe Wise
|
0-0: Foul Ball, location: 2F 0-1: Swinging Strike 0-2: Strikes out swinging
|
|
Batting: LHB Ruben Garza
|
0-0: Ball 1-0: Called Strike 1-1: Called Strike 1-2: Foul Ball, location: 2F 1-2: Ball 2-2: Ball 3-2: Foul Ball, location: 2F 3-2: Ground out 4-3 (Groundball, 4M, EV 102.5 MPH)
|
| Bottom of the 7th over - 3 runs, 2 hits, 0 errors, 0 left on base; Tri-City 6 - West Virginia 4 |
| TOP OF THE 8TH |
|
Tri-City Dust Devils batting - Pitching for West Virginia Black Bears : LHP Juan Villegas
|
|
Pitching: RHP Hitoshi Yoshihara
|
|
|
Now at 3B: Tim Moore
|
|
|
Now in CF: Joe Wise
|
|
|
Batting: LHB Jeremy DiGenova
|
0-0: Called Strike 0-1: Foul Ball, location: 2F 0-2: Ground out 4-3 (Groundball, 4M, EV 85.6 MPH)
|
|
Batting: RHB Paul Van Gilder
|
0-0: Ball 1-0: Foul Ball, location: 2F 1-1: Foul Ball, location: 2F 1-2: Ball 2-2: DOUBLE (Groundball, 5L, EV 110.0 MPH)
|
|
Batting: RHB Alfredo Lemus
|
0-0: Foul Ball, location: 2F 0-1: Ball 1-1: Called Strike 1-2: Ball 2-2: Ground out 4-3 (Groundball, 4, EV 77.5 MPH) Paul Van Gilder to third
|
|
Batting: LHB Roger Duque
|
0-0: Ball 1-0: Called Strike 1-1: Swinging Strike 1-2: Strikes out swinging
|
| Top of the 8th over - 0 runs, 1 hit, 0 errors, 1 left on base; Tri-City 6 - West Virginia 4 |
| BOTTOM OF THE 8TH |
|
West Virginia Black Bears batting - Pitching for Tri-City Dust Devils : RHP Zach Monlux
|
|
Batting: LHB Josh Aerni
|
0-0: Ball 1-0: Foul Ball, location: 2F 1-1: Swinging Strike 1-2: Fly out, F8 (Flyball, 8LS, EV 80.6 MPH)
|
|
Pinch Hitting: LHB Gregg Kellerman
|
0-0: Ball 1-0: Foul Ball, location: 2F 1-1: SINGLE (Flyball, 8RS, EV 91.2 MPH)
|
|
Batting: RHB Brandon White
|
0-0: Fly out, F8 (Flyball, 8RD, EV 99.4 MPH)
|
|
Batting: RHB Rick Pittman
|
0-0: Called Strike 0-1: Ball 1-1: Called Strike 1-2: Strikes out looking
|
| Bottom of the 8th over - 0 runs, 1 hit, 0 errors, 1 left on base; Tri-City 6 - West Virginia 4 |
| TOP OF THE 9TH |
|
Tri-City Dust Devils batting - Pitching for West Virginia Black Bears : RHP Hitoshi Yoshihara
|
|
Pitching: RHP Xavier Stovall
|
|
|
Now in LF: Joe Wise
|
|
|
Now in CF: Perry Dominey
|
|
|
Batting: RHB Eduardo Calderon
|
0-0: Swinging Strike 0-1: Ball 1-1: SINGLE (Groundball, 56D, EV 105.0 MPH)
|
|
Batting: LHB Ramon Vega
|
0-0: Bunted foul 0-1: Called Strike 0-2: Fly out, F9 (Line Drive, 9, EV 88.1 MPH)
|
|
Batting: SHB Yutaro Takahashi
|
0-0: Ball 1-0: Ball 2-0: Called Strike 2-1: Swinging Strike 2-2: Foul Ball, location: 2F 2-2: Strikes out swinging
|
|
Batting: RHB Brian DeVoe
|
0-0: Ball 1-0: Foul Ball, location: 2F 1-1: Foul Ball, location: 2F 1-2: Foul Ball, location: 2F 1-2: Foul Ball, location: 2F 1-2: Strikes out swinging
|
| Top of the 9th over - 0 runs, 1 hit, 0 errors, 1 left on base; Tri-City 6 - West Virginia 4 |
| BOTTOM OF THE 9TH |
|
West Virginia Black Bears batting - Pitching for Tri-City Dust Devils : RHP Zach Monlux
|
|
Pitching: RHP Ching Ge
|
|
|
Batting: LHB Carlos Vega
|
0-0: Ball 1-0: Called Strike 1-1: Ball 2-1: Ball 3-1: DOUBLE (Line Drive, 8LXD, EV 113.1 MPH)
|
|
Pinch Hitting: LHB Dustin Herman
|
0-0: Ball 1-0: SINGLE (Groundball, 4D, EV 101.9 MPH) Carlos Vega to third
|
|
Batting: RHB Tim Moore
|
0-0: Ball 1-0: Ball 2-0: Ball 3-0: Base on Balls Dustin Herman to second
|
|
Batting: LHB Joe Wise
|
0-0: Called Strike 0-1: Ball 1-1: DOUBLE (Line Drive, 7LM, EV 108.8 MPH) Carlos Vega scores Dustin Herman scores Tim Moore to third
|
|
Batting: LHB Ruben Garza
|
0-0: Ball 1-0: Fly out, F8 (Flyball, 8LD, EV 102.5 MPH) Runner from 3rd tags up, SCORES, throw by CF
|
| Bottom of the 9th over - 3 runs, 3 hits, 0 errors, 1 left on base; Tri-City 6 - West Virginia 7 |
|